AoeStats
← pippo

Arena

510140998Analyzed
2v2 RM · 2d ago on Sep 29, 2026· 42m 28s· 4 players
Game mode
Random Map
Map size
Medium (4 player)
Population
200
Speed
Normal
Resources
Standard
Victory
Conquest
Starting age
Dark Age
Ending age
Imperial Age
RankedLock teamsTeams togetherTeam positionsShared explorationLock speedFull tech treeHidden civsTurbo modeCheats
Victory
Defeat
🇱🇻 Goths · Latvia
1084
+11
🇮🇳 Byzantines · India
1002
+30
🇨🇭 Mongols · Switzerland
986
-13
🇨🇭 Khmer · Switzerland
935
-11
banjaara
11:28 Feudal Age
15:04 Castle Age
13:14 Double-Bit Axe
13:44 Horse Collar
16:33 Bow Saw
21:55 Wheelbarrow
22:32 Stone Mining
23:22 Pikeman
24:03 Squires
25:12 Heavy Plow
25:23 Bow Saw
26:07 Hand Cart
26:36 Gold Mining
27:25 Stone Shaft Mining
29:35 Imperial Age
26:57 Treadmill Crane
28:00 Gold Shaft Mining
28:47 Gold Shaft Mining
29:23 Elite Skirmisher
30:26 Thumb Ring
31:42 Two-Man Saw
34:24 Chemistry
33:45 Ballistics
33:23 Fletching
33:33 Scale Mail Armor
33:34 Padded Archer Armor
36:37 Chain Mail Armor
36:18 Bodkin Arrow
37:12 Halberdier
38:36 Conscription
42:06 Plate Mail Armor
41:36 Bracer
41:52 Leather Archer Armor
42:18 Arson
42:45 Forging
Kaniel Outiss
5:21 Loom
10:11 Feudal Age
11:14 Double-Bit Axe
16:06 Castle Age
17:14 Bow Saw
16:49 Horse Collar
20:07 Wheelbarrow
20:49 Heavy Plow
21:36 Forging
22:36 Hand Cart
24:38 Scale Mail Armor
24:38 Gold Mining
28:22 Imperial Age
25:49 Stone Mining
27:04 Chain Mail Armor
27:25 Iron Casting
26:46 Fletching
27:22 Ballistics
26:43 Treadmill Crane
30:28 Blast Furnace
30:31 Chemistry
29:27 Murder Holes
29:25 Town Watch
30:36 Stone Shaft Mining
30:00 Bodkin Arrow
30:12 Perfusion
30:49 Pikeman
31:30 Squires
32:09 Conscription
31:50 Anarchy
32:31 Halberdier
34:23 Elite Huskarl
pippo
13:24 Feudal Age
16:32 Castle Age
14:20 Double-Bit Axe
14:18 Horse Collar
17:57 Heavy Plow
18:09 Bow Saw
20:21 Wheelbarrow
26:57 Hand Cart
26:54 Loom
26:57 Town Watch
28:02 Forging
27:58 Scale Barding Armor
27:50 Fletching
28:23 Ballistics
28:18 Tusk Swords
28:23 Husbandry
28:34 Bloodlines
28:12 Light Cavalry
34:23 Imperial Age
32:49 Iron Casting
33:13 Town Patrol
33:49 Chain Barding Armor
33:51 Pikeman
34:28 Elite Battle Elephant
35:31 Conscription
36:21 Elite Skirmisher
38:05 Blast Furnace
37:41 Plate Barding Armor
37:03 Bodkin Arrow
38:21 Padded Archer Armor
38:13 Hussar
40:31 Bracer
40:47 Leather Archer Armor
40:21 Halberdier
42:44 Plate Barding Armor
marco
7:25 Loom
12:18 Feudal Age
17:14 Castle Age
15:21 Double-Bit Axe
18:50 Fervor
27:43 Horse Collar
29:03 Wheelbarrow
31:11 Imperial Age
29:13 Heavy Plow
29:47 Bow Saw
29:30 Gold Mining
30:31 Stone Mining
31:20 Bloodlines
31:11 Husbandry
31:20 Husbandry
31:39 Scale Barding Armor
31:45 Forging
32:23 Hand Cart
32:40 Forging
32:51 Chain Barding Armor
32:40 Devotion
32:51 Nomads
33:45 Fletching
35:44 Iron Casting
36:12 Elite Steppe Lancer
37:11 Elite Skirmisher
37:44 Fletching
37:55 Padded Archer Armor
40:17 Thumb Ring
41:48 Bodkin Arrow
Connection lost

Rejoining the realm…

Still unreachable

The connection could not be restored.

Session expired

The server has moved on; the page needs a fresh start.